 Dungeon Crawl Stone Soup version 0.23.0 (console) character file.

Game seed: 16976650166957256299

163783 nht the Fencer (level 17, 0/146 HPs)
             Began as a Minotaur Berserker on Feb 18, 2019.
             Was a High Priest of Trog.
             Slain by an entropy weaver (4 damage)
             ... on level 2 of the Spider Nest.
             The game lasted 01:12:52 (26864 turns).

nht the Fencer (Minotaur Berserker)                Turns: 26864, Time: 01:12:53

Health: 0/146      AC: 19    Str: 21    XL:     17   Next: 24%
Magic:  22/22      EV: 14    Int:  4    God:    Trog [*****.]
Gold:   1832       SH:  5    Dex: 13    Spells: 16/16 levels left

rFire    + . .     SeeInvis +   a - +2 rapier "Heqatsokh" {venom, +Inv rF+}
rCold    + . .     Gourm    .   y - +0 buckler
rNeg     . . .     Faith    .   g - +0 scale mail of the Peculiar Hells {rC+ rCorr Dex-5 SInv} (curse)
rPois    +         Spirit   .   L - +2 hat {MR+}
rElec    .         Reflect  .   u - +1 cloak of Subjectivity {Regen+}
rCorr    +         Harm     .   E - +2 pair of gloves
MR       +++..                  A - +2 pair of boots {Fly}
Stlth    +++.......             J - amulet of regeneration
HPRegen  1.14/turn              f - ring of protection from magic
MPRegen  0.18/turn              I - ring of poison resistance

@: berserk cooldown, flying, very slightly contaminated, slowed, very slow
A: retaliatory headbutt, horns 2, mutation resistance 1
a: Berserk, Trog's Hand, Brothers in Arms, Renounce Religion, Evoke
Invisibility, Stop Flying


You were on level 2 of the Spider Nest.
You worshipped Trog.
Trog was extremely pleased with you.
You were very hungry.

You visited 4 branches of the dungeon, and saw 26 of its levels.
You also visited: Bailey, Gauntlet and Volcano.

You collected 2915 gold pieces.
You spent 1083 gold pieces at shops.

Inventory:

Hand Weapons
 a - the +2 rapier "Heqatsokh" (weapon) {venom, +Inv rF+}
   (You found it in a bailey)

   It poisons the flesh of those it strikes.
   It protects you from fire.
   It lets you turn invisible.
 b - a +2 demon blade of slicing
Missiles
 m - 6 needles of sleeping
 n - 88 poisoned needles
 o - 18 silver javelins
 r - 21 poisoned tomahawks
 t - 16 tomahawks (quivered)
 v - 17 javelins of returning
 D - 6 curare-tipped needles
 M - 13 tomahawks of returning
 P - 4 steel javelins
 Q - 12 javelins
 T - 7 needles of confusion
 W - 4 tomahawks of dispersal
Armour
 g - the cursed +0 scale mail of the Peculiar Hells (worn) {rC+ rCorr Dex-5 SInv}
   (You bought it in a shop on level 15 of the Dungeon)

   It affects your dexterity (-5).
   It protects you from cold.
   It lets you see invisible.
   It provides partial protection from all sources of acid and corrosion.
   It has a curse placed upon it.
 u - the +1 cloak of Subjectivity (worn) {Regen+}
   (You bought it in a shop on level 1 of the Orcish Mines)

   It increases your rate of regeneration.
 y - a +0 buckler (worn)
 A - a +2 pair of boots of flying (worn)
 E - a +2 pair of gloves (worn)
 L - a +2 hat of magic resistance (worn)
Jewellery
 f - a ring of protection from magic (left hand)
 I - a ring of poison resistance (right hand)
 J - an amulet of regeneration (around neck)
 V - an uncursed ring of resist corrosion
Wands
 z - a wand of flame (37)
 F - a wand of digging (6)
 Z - a wand of enslavement (32)
Scrolls
 k - 4 scrolls of teleportation
 p - 5 scrolls of remove curse
 q - 9 scrolls of identify
 s - a scroll of magic mapping
 x - 2 scrolls of fog
 B - 3 scrolls of enchant armour
 G - 3 scrolls of enchant weapon
 K - 4 scrolls of blinking
 O - 2 scrolls of immolation
 R - 4 scrolls of fear
Potions
 d - 6 potions of might
 e - 2 potions of haste
 h - 13 potions of curing
 i - a potion of invisibility
 j - 4 potions of cancellation
 l - 6 potions of lignification
 w - 4 potions of heal wounds
 H - a potion of ambrosia
 N - 3 potions of mutation
 U - 6 potions of resistance
Miscellaneous
 C - a phial of floods
 Y - a fan of gales
Comestibles
 c - 48 rations
 S - 2 chunks of flesh


   Skills:
 + Level 11.9 Fighting
 - Level 10.6(14.0) Short Blades
 - Level 16.0(17.2) Long Blades
 - Level 16.0 Throwing
 - Level 8.0 Armour
 - Level 8.0 Dodging
 + Level 9.1 Stealth
 - Level 4.0 Shields
 - Level 9.0 Evocations


You had 16 spell levels left.
You didn't know any spells.
Your spell library was empty.

Dungeon Overview and Level Annotations

Branches:
Dungeon (15/15)            Temple (0/1) D:4            Lair (6/6) D:8
  Swamp (0/4) Lair:3       Spider (3/4) Lair:3        Slime (0/5) Lair:6
    Orc (2/2) D:10            Elf (0/3) Orc:2        Vaults (0/5) D:13
 Depths (0/5) D:15

Altars:
Ashenzari
Cheibriados
Dithmenos
Elyvilon
Fedhas
Gozag
Hepliaklqana
Kikubaaqudgha
Nemelex Xobeh
Okawaru
Qazlal
Sif Muna
Vehumet
Xom
Zin
Jiyva

Shops:
D:8 =   D:15 [   Orc:1 [   Orc:2 *(:[

Annotations:
D:2 dig
D:8 1 runed translucent door, Yolobob's ghost, journeyman HOFi
Lair:6 exclusion: oklob plant


Innate Abilities, Weirdness & Mutations

You reflexively headbutt those who attack you in melee.
You have a pair of horns on your head.
You are somewhat resistant to further mutation.


Message History

The entropy weaver hits you but does no damage. x2
The entropy weaver completely misses you.
Your deep troll goes berserk!
You feel quite a bit more hungry. The entropy weaver hits you!
* * * LOW HITPOINT WARNING * * *
The entropy weaver hits you!
* * * LOW HITPOINT WARNING * * *
The entropy weaver hits you!
* * * LOW HITPOINT WARNING * * *
The entropy weaver hits you.
* * * LOW HITPOINT WARNING * * *
You block the entropy weaver's attack. The entropy weaver barely misses you.
The entropy weaver hits you but does no damage.
You block the entropy weaver's attack. The wolf spider hits you!
* * * LOW HITPOINT WARNING * * *
The wolf spider completely misses you. The entropy weaver hits you.
* * * LOW HITPOINT WARNING * * *
The entropy weaver hits you.
You die...

█..█....██.....█.(.█
██.....██..........█
...██......█..███..█
...█.......██...█..█
.███...███..^......█
██.█.███.█.....██..█
......█.....^..█...█
.....███....██.█T..█
..██.....██....a@███
███.......██...>s..█
█..^^....█..█.██.█
██.████..█..█....█
███.█..█.....█..█
█.....█.....█..█
██..███..^.....█
███████..████......█
....████..█^██.....█


You could see an entropy weaver, a wolf spider and a friendly deep troll
(berserk).

Vanquished Creatures
  Asterion (Spider:2)
  Agnes (D:14)
  Kirke (Spider:3)
  2 emperor scorpions
  A ghost moth (Spider:2)
  An orc warlord (Orc:2)
  A stone giant (Volcano)
  A minotaur (Gauntlet)
  Azrael (D:13)
  Snorg (Lair:6)
  An ogre mage (D:15)
  4 hydras
  3 two-headed ogres (D:15)
  3 catoblepae (Lair:6)
  A vault guard (D:13)
  5 centaur warriors
  6 death yaks (Lair:6)
  2 death knights
  Urug (Orc:1)
  A fire crab (Gauntlet)
  2 unseen horrors
  A phantasmal warrior (D:13)
  2 wizards
  11 orc knights
  2 deep elf magi (D:15)
  8 orb spiders
  A wolf spider zombie (D:14)
  An ugly thing (D:12)
  17 wolf spiders
  3 manticores
  3 orc sorcerers
  13 slime creatures
  An elephant (Lair:5)
  3 cyclopes
  2 black mambas
  A naga mage (D:15)
  2 gargoyles
  5 torpor snails
  10 spiny frogs
  A rime drake (Lair:5)
  A kobold demonologist (D:14)
  2 freezing wraiths (D:11)
  5 demonic crawlers
  2 efreet
  8 komodo dragons
  A queen bee (Lair:3)
  8 trolls
  2 hornets
  9 jumping spiders
  15 blink frogs
  A dream sheep (Lair:2)
  8 hippogriffs
  A spriggan (D:7)
  3 flying skulls (Gauntlet)
  3 shadows
  5 tarantellas
  32 yaks
  2 hogs (Spider:3)
  2 wyverns
  16 redbacks
  5 fire bats
  6 fire elementals
  A water elemental (D:14)
  18 humans (D:13)
  10 vampire mosquitoes
  5 basilisks
  3 hungry ghosts
  Menkaure (D:6)
  3 wargs
  A soldier ant (D:12)
  10 water moccasins
  4 hell hounds
  8 porcupines
  44 orc warriors
  A sky beast (D:15)
  2 black bears (D:12)
  3 ice beasts
  9 boggarts
  A phantom (D:7)
  17 centaurs
  6 wolves
  13 ogres
  8 crocodiles
  3 big kobolds
  23 bullfrogs
  2 earth elementals (Volcano)
  A gnoll sergeant (Orc:1)
  9 scorpions
  A wyvern skeleton (D:13)
  38 killer bees
  2 vampire bats (D:4)
  8 wights
  3 electric eels
  5 howler monkeys
  2 bullfrog zombies
  7 crimson imps
  2 centaur zombies
  4 centaur skeletons
  8 hounds
  16 orc priests
  A quasit (D:11)
  A bullfrog skeleton (D:9)
  13 jellies
  An iguana (D:10)
  26 orc wizards
  16 worker ants
  3 hound skeletons
  Robin (D:4)
  A howler monkey skeleton (D:9)
  17 adders
  2 shadow imps
  An adder zombie (D:8)
  3 worms
  2 dart slugs
  3 leopard geckos
  95 orcs
  4 bat skeletons (D:4)
  2 bat zombies (D:4)
  9 giant cockroaches
  15 goblins
  7 hobgoblins
  11 jackals
  4 quokkas
  8 bats
  5 frilled lizards
  16 kobolds
  A leopard gecko skeleton (D:7)
  A quokka skeleton (D:7)
  5 rats
  2 butterflies
  A fungus (Orc:2)
843 creatures vanquished.

Vanquished Creatures (collateral kills)
  An entropy weaver (Spider:1)
  Fannar (Lair:1)
  2 hydras
  Nergalle (Lair:1)
  2 skeletal warriors (D:13)
  A necromancer (D:13)
  4 elephants (Lair:6)
  2 orc sorcerers (Orc:2)
  A wolf spider (Spider:1)
  2 spiny frogs (Lair:1)
  A dream sheep (Lair:2)
  A redback (Spider:1)
  3 humans (D:13)
  3 tarantellas (Spider:1)
  2 wraiths (D:11)
  2 fire bats (Orc:2)
  Grum (Lair:1)
  A water moccasin (Lair:6)
  8 orc warriors
  A porcupine (Lair:1)
  5 wolves (Lair:6)
  An ogre (Orc:2)
  A crocodile (Lair:1)
  A bullfrog (Lair:1)
  An orc priest (Orc:2)
  4 orcs
53 creatures vanquished.

Vanquished Creatures (others)
  3 dream sheep (Lair:2)
  2 humans (Spider:3)
  6 fungi
11 creatures vanquished.

Grand Total: 907 creatures vanquished

Notes
Turn   | Place    | Note
-------+----------+-------------------------------------------
     0 | D:1      | nht the Minotaur Berserker began the quest for the Orb.
     0 | D:1      | Reached XP level 1. HP: 19/19 MP: 0/0
   335 | D:1      | Reached XP level 2. HP: 25/27 MP: 1/1
   753 | D:2      | Found a sparkling altar of Nemelex Xobeh.
   793 | D:2      | Noticed an ogre
   801 | D:2      | Killed an ogre
   801 | D:2      | Reached XP level 3. HP: 21/33 MP: 2/2
   801 | D:2      | Reached XP level 4. HP: 26/40 MP: 3/3
  1049 | D:2      | Found an iron altar of Okawaru.
  1049 | D:2      | Found a shattered altar of Ashenzari.
  1071 | D:2      | Found a blossoming altar of Fedhas.
  1318 | D:2      | Found a hazy altar of Hepliaklqana.
  1402 | D:3      | Reached XP level 5. HP: 46/46 MP: 4/4
  1456 | D:3      | Reached ** piety under Trog
  1537 | D:3      | Reached skill level 5 in Long Blades
  1733 | D:3      | Found a white marble altar of Elyvilon.
  1825 | D:4      | Found a radiant altar of Vehumet.
  1891 | D:4      | Found a staircase to the Ecumenical Temple.
  1974 | D:4      | Noticed Robin
  1993 | D:4      | Killed Robin
  1993 | D:4      | Reached *** piety under Trog
  1993 | D:4      | Reached XP level 6. HP: 53/53 MP: 5/5
  2078 | D:4      | Found an ancient bone altar of Kikubaaqudgha.
  2360 | D:5      | Entered Level 5 of the Dungeon
  2370 | D:5      | Reached XP level 7. HP: 60/60 MP: 6/6
  2538 | D:5      | Reached skill level 5 in Fighting
  2541 | D:5      | Reached skill level 1 in Shields
  2547 | D:5      | Found a shadowy altar of Dithmenos.
  2727 | D:5      | Found a snail-covered altar of Cheibriados.
  3185 | D:6      | Noticed Menkaure
  3213 | D:6      | Reached XP level 8. HP: 40/69 MP: 5/7
  3219 | D:6      | Killed Menkaure
  3332 | D:6      | Reached **** piety under Trog
  3527 | D:6      | Reached skill level 5 in Throwing
  3569 | D:6      | Gained mutation: You are somewhat resistant to further
                  | mutation. [potion of mutation]
  3576 | D:6      | Reached skill level 5 in Armour
  3870 | D:6      | Reached skill level 5 in Dodging
  4428 | D:7      | Found a stormy altar of Qazlal.
  4432 | D:7      | Found a flagged portal.
  4436 | Bailey   | Entered a bailey
  4453 | Bailey   | Reached XP level 9. HP: 65/75 MP: 6/8
  4490 | Bailey   | Received a gift from Trog
  5046 | Bailey   | Got a faintly glowing rapier
  5048 | Bailey   | Identified a scroll of acquirement
  5346 | D:7      | Found a deep blue altar of Sif Muna.
  5349 | D:7      | Identified the +2 rapier "Heqatsokh" {venom, +Inv rF+} (You
                  | found it in a bailey)
  5528 | D:8      | Reached skill level 1 in Evocations
  5629 | D:7      | Found a shimmering altar of Xom.
  6063 | D:7      | Reached ***** piety under Trog
  6063 | D:7      | Reached skill level 10 in Long Blades
  6186 | D:8      | Reached XP level 10. HP: 86/86 MP: 10/10
  6389 | D:8      | Found a runed translucent door.
  6768 | D:8      | Found a staircase to the Lair.
  6907 | D:8      | Found Jauhupti's Jewellery Shop.
  7168 | D:8      | Noticed Yolobob's ghost (journeyman HOFi)
  7244 | Lair:1   | Entered Level 1 of the Lair of Beasts
  7362 | Lair:1   | Noticed Nergalle
  7371 | Lair:1   | Killed Nergalle
  7377 | Lair:1   | Noticed a spiny frog
  7381 | Lair:1   | Noticed Fannar
  7382 | Lair:1   | Noticed a spiny frog
  7607 | Lair:1   | Noticed a seven-headed hydra
  7737 | Lair:1   | Killed a spiny frog
  7738 | Lair:1   | Killed a seven-headed hydra
  7743 | Lair:1   | Killed Fannar
  7743 | Lair:1   | Reached skill level 5 in Evocations
  7746 | Lair:1   | Killed a spiny frog
  7746 | Lair:1   | Reached XP level 11. HP: 63/92 MP: 13/13
  7834 | Lair:1   | Noticed Grum
  7843 | Lair:1   | Killed Grum
  8325 | Lair:2   | Noticed an eight-headed hydra
  8329 | Lair:2   | Noticed an eight-headed hydra
  8335 | Lair:2   | Killed an eight-headed hydra
  8345 | Lair:2   | Killed an eight-headed hydra
  8909 | Lair:2   | Found a shimmering altar of Xom.
  9506 | Lair:3   | Found a hole to the Spider Nest.
  9616 | Lair:3   | Reached skill level 1 in Stealth
  9924 | Lair:3   | Found a staircase to the Swamp.
  9960 | Lair:3   | Received a gift from Trog
 10033 | Lair:3   | Found a snail-covered altar of Cheibriados.
 10132 | Lair:3   | Reached skill level 15 in Long Blades
 10132 | Lair:3   | Reached XP level 12. HP: 93/100 MP: 16/16
 10149 | Lair:3   | Found a snail-covered altar of Cheibriados.
 10209 | Lair:3   | Reached skill level 1 in Short Blades
 11366 | Lair:4   | Received a gift from Trog
 12071 | Lair:5   | Noticed a five-headed hydra
 12085 | Lair:5   | Killed a five-headed hydra
 12291 | Lair:6   | Entered Level 6 of the Lair of Beasts
 12336 | Lair:6   | Noticed a six-headed hydra
 12340 | Lair:6   | Noticed a seven-headed hydra
 12344 | Lair:6   | Killed a six-headed hydra
 12473 | Lair:6   | Killed a nine-headed hydra
 12483 | Lair:6   | Reached XP level 13. HP: 68/110 MP: 10/17
 12511 | Lair:6   | Found a gate leading to a gauntlet.
 12520 | Gauntlet | Entered a Gauntlet
 12520 | Gauntlet | Found a transporter.
 12520 | Gauntlet | Found a transporter.
 12520 | Gauntlet | Found a transporter.
 12529 | Gauntlet | Found a transporter.
 12546 | Gauntlet | Found a transporter.
 12561 | Gauntlet | Found a transporter.
 12561 | Gauntlet | Found a transporter.
 12606 | Gauntlet | Reached skill level 10 in Throwing
 12606 | Gauntlet | Reached XP level 14. HP: 97/119 MP: 16/19
 12670 | Gauntlet | Found a transporter.
 12716 | Gauntlet | Got a steaming copper amulet
 12717 | Gauntlet | Reached skill level 10 in Fighting
 12717 | Gauntlet | Reached XP level 15. HP: 94/128 MP: 14/20
 12828 | Gauntlet | Identified the +3 whip of Balance {slash, SInv}
 12864 | Gauntlet | Identified the amulet of Wisdom {Acrobat *Slow Dex+5} (You
                  | found it in a Gauntlet)
 12948 | Gauntlet | Found a transporter.
 13374 | Gauntlet | guess no
 13829 | Lair:6   | Noticed Snorg
 13954 | Lair:6   | Killed Snorg
 13980 | Lair:6   | Found a stormy altar of Qazlal.
 14438 | Lair:6   | Received a gift from Trog
 14733 | Lair:6   | Got a translucent great sword
 14739 | Lair:6   | Identified the cursed +0 great sword "Jeawykh" {venom, rF-
                  | Int+4 Dex+4 SInv} (You found it on level 6 of the Lair of
                  | Beasts)
 15047 | Lair:6   | Found a viscous altar of Jiyva.
 15047 | Lair:6   | Found a staircase to the Slime Pits.
 15493 | D:9      | Reached skill level 5 in Short Blades
 15680 | D:9      | Received a gift from Trog
 15866 | D:9      | Received a gift from Trog
 15985 | D:9      | Found an opulent altar of Gozag.
 16084 | D:9      | Found a glowing silver altar of Zin.
 16318 | D:10     | Entered Level 10 of the Dungeon
 16444 | D:10     | Received a gift from Trog
 16638 | D:10     | Found a staircase to the Orcish Mines.
 16715 | D:10     | Found a sparkling altar of Nemelex Xobeh.
 16891 | D:10     | Received a gift from Trog
 17370 | Orc:1    | Entered Level 1 of the Orcish Mines
 17462 | Orc:1    | Found Pullac's Antique Armour Boutique.
 17562 | Orc:1    | Noticed Urug
 17641 | Orc:1    | Bought a pair of glowing boots for 180 gold pieces
 17641 | Orc:1    | Bought a glowing large shield for 180 gold pieces
 17641 | Orc:1    | Bought a shimmering cloak for 228 gold pieces
 17675 | Orc:1    | Identified the +1 cloak of Subjectivity {Regen+} (You
                  | bought it in a shop on level 1 of the Orcish Mines)
 17846 | Orc:1    | Killed Urug
 18090 | Orc:2    | Entered Level 2 of the Orcish Mines
 18205 | Orc:2    | Found Cag Zul's Antique Armour Shop.
 18239 | Orc:2    | Received a gift from Trog
 18328 | Orc:2    | Found Lukoix's General Store.
 18339 | Orc:2    | Reached skill level 5 in Stealth
 18365 | Orc:2    | Received a gift from Trog
 18366 | Orc:2    | Found a dark tunnel.
 18390 | Volcano  | Entered a volcano
 18729 | Orc:2    | Found a staircase to the Elven Halls.
 18740 | Orc:2    | Found Agenise's Antique Weapon Shoppe.
 18865 | Orc:2    | Noticed an orc warlord
 18872 | Orc:2    | Received a gift from Trog
 18888 | Orc:2    | Killed an orc warlord
 19165 | Orc:2    | Found Higutow's Book Emporium.
 19772 | D:11     | Reached XP level 16. HP: 105/137 MP: 21/21
 19975 | D:11     | Received a gift from Trog
 20491 | D:12     | Found a runed translucent door.
 20492 | D:12     | Found a runed translucent door.
 20531 | D:12     | Reached ****** piety under Trog
 20773 | D:12     | Received a gift from Trog
 21350 | D:13     | Found a gate to the Vaults.
 21536 | D:13     | Noticed Azrael
 21564 | D:13     | Killed Azrael
 21671 | D:13     | Received a gift from Trog
 21719 | D:13     | Identified the +1 triple sword "Usuiri" {freeze, Dex+4
                  | Stlth+} (Trog gifted it to you on level 13 of the Dungeon)
 21882 | D:13     | Reached skill level 10 in Short Blades
 22359 | D:13     | Got a pair of faintly humming boots
 22370 | D:13     | Identified the +2 pair of boots of Midwinter {Int+7} (You
                  | found it on level 13 of the Dungeon)
 22422 | D:14     | Noticed Agnes
 22428 | D:14     | Killed Agnes
 22842 | D:14     | Found a snail-covered altar of Cheibriados.
 23441 | D:15     | Entered Level 15 of the Dungeon
 23553 | D:15     | Found Nirujus's Antique Armour Boutique.
 23741 | D:15     | Reached skill level 15 in Throwing
 23750 | D:15     | Found a staircase to the Depths.
 23810 | D:15     | Found a stormy altar of Qazlal.
 23930 | D:15     | Bought a shimmering scale mail for 270 gold pieces
 23930 | D:15     | Bought an embroidered cloak for 225 gold pieces
 23961 | D:15     | Identified the cursed +0 scale mail of the Peculiar Hells
                  | {rC+ rCorr Dex-5 SInv} (You bought it in a shop on level 15
                  | of the Dungeon)
 24748 | Spider:1 | Entered Level 1 of the Spider Nest
 25109 | Spider:1 | Received a gift from Trog
 25735 | Spider:2 | Reached XP level 17. HP: 121/144 MP: 22/22
 26060 | Spider:2 | Noticed Asterion
 26071 | Spider:2 | Killed Asterion
 26804 | Spider:3 | Noticed Kirke
 26824 | Spider:3 | Killed Kirke
 26832 | Spider:3 | Received a gift from Trog
 26864 | Spider:2 | HP: 7/146 [wolf spider (8)]
 26864 | Spider:2 | Slain by an entropy weaver

Skill      XL: |  1  2  3  4  5  6  7  8  9 10 11 12 13 14 15 16 17 |
---------------+----------------------------------------------------+-----
Long Blades    | 4 5 6 8 10 13 15 16 | 16.0
Fighting       | 4 5 6 7 8 9 10 11 | 11.9
Throwing       | 2 3 4 5 6 7 9 10 11 13 15 16 | 16.0
Armour         | 3 4 5 6 7 8 |  8.0
Dodging        | 3 4 5 6 7 8 |  8.0
Shields        | 2 3 4 |  4.0
Evocations     | 2 5 6 7 8 9 |  9.0
Stealth        | 1 3 5 8 9 |  9.1
Short Blades   | 3 8 10 | 10.6

Action                   |  1- 3 |  4- 6 |  7- 9 | 10-12 | 13-15 | 16-18 || total
-------------------------+-------+-------+-------+-------+-------+-------++-------
Melee: Falchion          |    32 |   128 |    51 |       |       |       ||   211
       Headbutt          |     4 |    25 |    39 |   123 |   207 |   239 ||   637
       Long sword        |       |       |    86 |       |       |       ||    86
       Rapier            |       |       |    36 |   491 |   665 |   869 ||  2061
       Double sword      |       |       |       |       |    19 |       ||    19
       Demon blade       |       |       |       |       |       |    58 ||    58
Throw: Tomahawk          |       |       |    45 |   176 |    49 |    88 ||   358
       Javelin           |       |       |    57 |     3 |    19 |       ||    79
       Throwing net      |       |       |       |     1 |       |       ||     1
Invok: Berserk           |     1 |     3 |     8 |     4 |     7 |     4 ||    27
       Brothers in Arms  |       |       |     1 |     4 |     3 |     6 ||    14
 Abil: Evoke Invisibilit |       |       |     3 |    18 |    24 |    22 ||    67
Evoke: Wand              |       |       |    28 |     7 |    63 |    45 ||   143
       Phial of floods   |       |       |       |     1 |       |     1 ||     2
  Use: Scroll            |     3 |     3 |    11 |     9 |    10 |     4 ||    40
       Potion            |       |       |     4 |       |     2 |       ||     6
 Stab: Invisible         |       |       |     2 |    43 |    54 |    57 ||   156
       Distracted        |       |       |       |     1 |       |     2 ||     3
       Sleeping          |       |       |       |       |    20 |    46 ||    66
       Paralysed         |       |       |       |       |    10 |     4 ||    14
  Eat: Chunk             |       |     8 |    22 |    31 |    26 |    27 ||   114
       Ration            |       |       |       |       |     4 |     3 ||     7
Armor: Ring mail         |     2 |    54 |     7 |       |       |       ||    63
       Animal skin       |     1 |       |       |       |       |       ||     1
       Chain mail        |       |       |    64 |   165 |    44 |       ||   273
       Leather armour    |       |       |       |       |    71 |    77 ||   148
       Scale mail        |       |       |       |       |       |   131 ||   131
Dodge: Dodged            |    20 |   109 |   123 |   310 |   371 |   435 ||  1368
       Deflected         |       |       |     1 |       |       |       ||     1
Block: Buckler           |       |     1 |    41 |   125 |   119 |   150 ||   436
       Large shield      |       |       |       |       |     9 |       ||     9
       Rpst.: Falchion   |     6 |    28 |    14 |       |       |       ||    48
       Long sword        |       |       |    12 |       |       |       ||    12
       Double sword      |       |       |       |       |     5 |       ||     5
       Demon blade       |       |       |       |       |       |     3 ||     3
